 Dungeon Crawl Stone Soup version 0.30-a0-808-g6e0788376e (webtiles) character file.

Game seed: 8906538905491371733

87270 NinjaNoafa the Impaler (level 16, -6/171 HPs)
             Began as a Formicid Fighter on Feb 26, 2023.
             Was the Champion of Hepliaklqana.
             Mangled by an alligator (9 damage)
             ... on level 1 of the Swamp.
             The game lasted 01:35:29 (18843 turns).

NinjaNoafa the Impaler (Formicid Fighter)          Turns: 18843, Time: 01:35:30

Health: -6/171     AC: 31    Str: 35    XL:     16   Next: 36%
Magic:  24/24      EV:  2    Int:  8    God:    Hepliaklqana [******]
Gold:   2808       SH: 18    Dex: 13    Spells: 15/15 levels left

rFire   . . .      SeeInvis .    a - +3 bardiche
rCold   . . .      Faith    .    N - +2 kite shield {AC+3}
rNeg    . . .      Spirit   .    (body armour currently unavailable)
rPois   +          Reflect  +    (helmet unavailable)
rElec   .          Harm     .    (cloak currently unavailable)
rCorr   .          Rampage  .    (gloves currently unavailable)
Will    +....                    (boots currently unavailable)
Stlth   +                        F - amulet of reflection
HPRegen 0.48/turn                k - ring of poison resistance
MPRegen 0.19/turn                G - +6 ring of strength

@: mighty, tree-form, studying Armour, very slow
A: stationary, stasis, torment immunity, boosted hp, reduced essence, permanent
stasis, dig shafts and tunnels, (antennae 3), four strong arms
a: Renounce Religion, Recall Ancestor, Ancestor Identity, Transference, Idealise


You were on level 1 of the Swamp.
You worshipped Hepliaklqana.
Hepliaklqana was exalted by your worship.
You were a tree.
You visited 6 branches of the dungeon, and saw 24 of its levels.
You also visited: Ice Cave.

You collected 3754 gold pieces.
You spent 946 gold pieces at shops.

Inventory:

Hand Weapons
 a - a +3 bardiche (weapon)
 b - a +0 trident of freezing
Missiles
 w - 15 boomerangs (quivered)
 x - 32 poisoned darts
 K - a throwing net
 W - 4 boomerangs of dispersal
Armour
 m - a +2 cloak (melded)
 o - a +0 pair of boots (melded)
 y - a +6 plate armour of fire resistance (melded)
 N - a +2 kite shield of protection (worn)
Jewellery
 i - a ring of ice
 k - a ring of poison resistance (left branch)
 q - a ring of resist corrosion
 s - a ring of positive energy
 v - a ring of willpower
 F - an amulet of reflection (around neck)
 G - a +6 ring of strength (right branch)
 H - a ring of fire
 U - a ring of ice
Wands
 z - a wand of quicksilver (6)
 E - a wand of charming (10)
 I - a wand of digging (6)
 M - a wand of mindburst (8)
 O - a wand of polymorph (10)
Scrolls
 f - 3 scrolls of magic mapping
 h - 6 scrolls of immolation
 r - 3 scrolls of noise
 t - 2 scrolls of fog
 A - 2 scrolls of poison
 L - a scroll of torment
 P - 5 scrolls of fear
 S - a scroll of silence
 Y - a scroll of identify
Potions
 c - a potion of resistance
 d - 2 potions of might
 e - 9 potions of curing
 g - 7 potions of brilliance
 j - 2 potions of mutation
 l - 2 potions of cancellation
 n - 5 potions of flight
 u - a potion of magic
 D - a potion of lignification
 J - a potion of ambrosia
 R - a potion of attraction
 Z - a potion of invisibility
Miscellaneous
 p - a phantom mirror
 B - a lightning rod (2/4)
 T - a phial of floods
 V - a condenser vane


   Skills:
 - Level 12.0 Fighting
 - Level 19.3 Polearms
 + Level 1.4 Throwing
 - Level 12.0 Armour
 - Level 4.0 Dodging
 - Level 9.6 Shields
 + Level 11.4 Invocations
 - Level 8.0 Evocations


You had 15 spell levels left.
You didn't know any spells.
Your spell library contained the following spells:

 Spells                   Type           Power      Damage    Failure   Level
 Magic Dart               Conj           0%         1d3       63%         1
 Shock                    Conj/Air       0%         1d3       63%         1
 Lesser Beckoning         Tloc           0%         N/A       77%         2
 Searing Ray              Conj           0%         2d4       77%         2
 Dazzling Flash           Conj/Hex       0%         N/A       94%         3
 Gell's Gravitas          Tloc           0%         N/A       94%         3
 Ignite Poison            Fire/Tmut/Pois 0%         N/A       94%         3
 Kindle Blastsparks       Fire/Tloc/Air  0%         2d10      94%         3
 Ozocubu's Armour         Ice            0%         N/A       94%         3
 Teleport Other           Tloc           0%         N/A       94%         3
 Airstrike                Air            0%         2d(0-16)  100%        4
 Anguish                  Hex/Necr       0%         N/A       100%        4
 Cause Fear               Hex            0%         N/A       100%        4
 Flame Wave               Conj/Fire      0%         2d4       100%        4
 Fulminant Prism          Conj/Hex       0%         3d5       100%        4
 Ice Form                 Ice/Tmut       0%         N/A       100%        4
 Olgreb's Toxic Radiance  Pois           0%         N/A       100%        4
 Passage of Golubria      Tloc           0%         N/A       100%        4
 Sticky Flame             Conj/Fire      0%         2d3       100%        4
 Agony                    Necr           0%         N/A       100%        5
 Freezing Cloud           Conj/Ice/Air   0%         6-21      100%        5
 Silence                  Hex/Air        0%         N/A       100%        5
 Conjure Ball Lightning   Conj/Air       0%         3x3d6     100%        6
 Dragon Form              Tmut           0%         N/A       100%        7
 Enfeeble                 Hex            0%         N/A       100%        7
 Ozocubu's Refrigeration  Ice            0%         4d7       100%        7
 Discord                  Hex            0%         N/A       100%        8
 Disjunction              Tloc           0%         N/A       100%        8
 Ignition                 Fire           0%         3d3       100%        8
 Dragon's Call            Summ           0%         N/A       100%        9
 Swiftness                Air            Unusable   N/A       N/A         3

Dungeon Overview and Level Annotations

Branches:
Dungeon (13/15)            Temple (1/1) D:6            Lair (5/5) D:11
  Swamp (2/4) Lair:3       Spider (0/4) Lair:2        Slime (0/5) Lair:5
    Orc (2/2) D:11            Elf (1/3) Orc:2         IceCv (visited)
 Vaults: D:13-14

Altars:
Ashenzari
Cheibriados
Dithmenos
Elyvilon
Fedhas
Gozag
Hepliaklqana
Kikubaaqudgha
Makhleb
Nemelex Xobeh
Okawaru
Qazlal
Ru
Sif Muna
Trog
Uskayaw
Vehumet
Wu Jian
Xom
Yredelemnul
Zin
The Shining One
Jiyva
Lugonu

Shops:
D:7 *   D:11 (   Orc:2 ((*?

Portals:
Abyss: Lair:5

Annotations:
Orc:1 2 transporters, Koowego's ghost, journeyman SpAr


Innate Abilities, Weirdness & Mutations

You are a tree.
Your roots penetrate the ground, keeping you stationary.
You cannot be teleported.
You are immune to unholy pain and torment.
Your maximum health is greatly increased.
Your equipment is partially melded.
Your life essence is reduced to manifest your ancestor. (-10% HP)
You cannot be hasted, slowed, berserked, paralysed or teleported.
You can dig through walls and to a lower floor.
((You have a pair of large antennae on your head. (SInv)))
Your four strong arms can wield two-handed weapons with a shield.


Message History

The alligator attacks as you move away!
The alligator bites you but does no damage.
The alligator tail-slaps you but does no damage.
You block the alligator's attack. x2
Your alligator puts on a burst of speed!
You swap places.
The alligator bites your alligator!! The alligator misses your alligator.
Your spriggan druid hits the alligator with a +0 quarterstaff!!
You block the alligator's attack. The alligator tail-slaps you.
* * * LOW HITPOINT WARNING * * *
You enter the shallow water.
Moving in this stuff is going to be slow.
Your spriggan druid hits the alligator with a +0 quarterstaff!
You block the alligator's attack.
The alligator tail-slaps you but does no damage.
Your swamp drake closely misses the alligator.
Really quaff the potion of lignification?
You turn into a tree.
Your +2 cloak melds into your body.
Your +0 pair of boots melds into your body.
Your +6 plate armour of fire resistance melds into your body.
You feel less resistant to fire.
Your roots penetrate the ground.
Your alligator barely misses the alligator.
Your alligator tail-slaps the alligator but does no damage.
You block the alligator's attack.
The alligator tail-slaps you but does no damage.
The alligator bites you but does no damage.
The alligator tail-slaps you but does no damage.
Your alligator bites the alligator!
Your alligator misses the alligator.
Your swamp drake bites the alligator.
You cut the alligator into ribbons!!!
You kill the alligator!
Your spriggan druid yells, "Run!
I'll cover you!" You block the alligator's attack. x2
Your spriggan druid hits the alligator with a +0 quarterstaff!
You chop the alligator into pieces!!!
The alligator is severely wounded.
The alligator bites you!
* * * LOW HITPOINT WARNING * * *
The alligator tail-slaps you!
You die...

♣♣♣..~~~~~.♣♣
♣~..~~~~~~.~ .~~
♣~.~~..~~~~ .~~♣
♣~.~§§..~~ .~~♣
♣..~~.♣~~ ♣♣.~♣
♣♣~.....♣ ♣♣.~~♣♣
♣..~..tt♣♣♣♣♣~.~~~♣
♣♣
♣~.♣ik~....~~~.♣♣...
♣.>~~...>.~~....♣♣..
♣.~~~....~~..~~~~♣^.
♣..)>..~~~§~..~....~
♣♣♣♣♣..~~~~..~..♣~.~
♣♣~.~~...~~.♣~~♣
♣♣...~~~~~§~..~
♣..♣.~§~~~~~~..
♣♣~♣♣~.~~~.....


You could see an alligator (swift, ally target), a friendly alligator (summoned,
swift), a friendly spriggan druid (summoned) and a friendly swamp drake
(summoned).

Vanquished Creatures
  Frances (D:12)
  A dire elephant (Lair:2)
  Snorg (Orc:1)
  An ettin (Orc:1)
  Fannar (Orc:1)
  9 hydras
  An alligator (Swamp:1)
  A boulder beetle (Lair:4)
  3 two-headed ogres
  2 thrashing horrors (Lair:5)
  3 death yaks (Lair:5)
  Nergalle (D:12)
  2 orc high priests (Orc:2)
  A skyshark (Lair:3)
  An orb spider (Lair:2)
  A wolf spider (Lair:4)
  A lindwurm (Lair:5)
  A bog body (IceCv)
  2 orc knights
  A necromancer (IceCv)
  An oklob plant (Lair:5)
  2 ugly things (Lair:5)
  5 orc sorcerers
  A manticore (D:12)
  A large abomination (Lair:5)
  A will-o-the-wisp (Swamp:1)
  A black mamba (D:11)
  8 elephants (Lair:2)
  Maurice (D:8)
  12 cane toads
  2 ice statues (IceCv)
  3 torpor snails (Lair:4)
  A smoke demon (Lair:5)
  2 gargoyles
  Maggie (D:6)
  Psyche (D:12)
  2 freezing wraiths (IceCv)
  5 komodo dragons
  6 ice devils
  2 anaconda simulacra (IceCv)
  An ancient zyme (Lair:5)
  7 polar bears
  3 trolls
  A hornet (Swamp:1)
  4 dream sheep (Lair:4)
  12 blink frogs
  3 slime creatures (D:12)
  Sigmund (D:4)
  A ynoxinul (Lair:5)
  2 shadows
  A jumping spider (shapeshifter) (Lair:5)
  A wyvern (Lair:5)
  Eustachio (D:6)
  21 yaks
  3 spriggans
  A hog (shapeshifter) (Lair:5)
  A steam dragon (D:6)
  4 basilisks
  7 vampire mosquitoes
  2 wargs
  Edmund (D:6)
  5 harpy simulacra (IceCv)
  10 water moccasins
  2 swamp worms
  An acid dragon (D:10)
  2 ice beasts
  11 orc warriors
  A sky beast (D:6)
  9 black bears
  5 ogres
  4 wolves (Lair:2)
  8 small abominations (Lair:5)
  6 centaurs
  10 bullfrogs
  3 gnoll sergeants
  4 scorpions
  2 two-headed ogre simulacra (IceCv)
  8 killer bees
  5 howler monkeys
  A crimson imp (D:11)
  A quasit (D:5)
  A jelly (D:6)
  A gnoll bouda (D:5)
  7 orc priests
  3 iguanas
  22 orc wizards
  A spriggan simulacrum (IceCv)
  A polar bear simulacrum (IceCv)
  5 adders
  14 gnolls
  3 shadow imps (D:5)
  4 white imps
  An ufetubus (D:5)
  3 worms (D:3)
  33 orcs
  5 endoplasms
  6 giant cockroaches
  5 goblins
  6 hobgoblins
  8 jackals
  3 quokkas
  4 ball pythons
  12 bats
  2 frilled lizards (D:3)
  6 kobolds
  7 rats
432 creatures vanquished.

Vanquished Creatures (collateral kills)
  Rupert (D:12)
  The ghost of TheSexyCheese the Grappler, a journeyman TrFi of the Shining One (Lair:5)
  A hydra (Lair:5)
  A centaur warrior (D:13)
  3 two-headed ogres
  An orc high priest (Orc:2)
  A thrashing horror (Lair:5)
  A skyshark (Lair:4)
  4 orc knights (Orc:2)
  The ghost of MrSquiggles the Insei, a novice GnTm (D:7)
  3 oklob plants
  A black mamba (Lair:1)
  11 elephants
  2 slime creatures (D:12)
  A gargoyle (D:12)
  3 cane toads
  A rime drake (Lair:3)
  An unseen horror (D:10)
  4 komodo dragons
  An ice devil (IceCv)
  2 trolls
  14 blink frogs
  7 yaks
  A ynoxinul (Lair:5)
  2 dire elephant simulacra (IceCv)
  A spriggan (Lair:5)
  3 wyverns
  2 basilisks (Lair:5)
  A steam dragon (Lair:4)
  A redback (Lair:4)
  A large abomination (Lair:5)
  A chaos spawn (Lair:5)
  3 vampire mosquitoes
  A warg (Orc:1)
  A swamp worm (Swamp:1)
  A harpy simulacrum (IceCv)
  2 water moccasins
  An ice beast (D:6)
  12 orc warriors
  2 ogres
  3 black bears
  4 wolves (Lair:2)
  A centaur (D:13)
  A kobold brigand (D:7)
  A phantom (D:6)
  2 bullfrogs
  A scorpion (D:5)
  A necrophage (D:6)
  4 small abominations (Lair:5)
  5 killer bees
  An electric eel (Lair:4)
  A howler monkey (D:8)
  A quasit (D:5)
  A hound (D:6)
  5 orc priests (Orc:2)
  3 iguanas
  9 orc wizards
  A troll simulacrum (IceCv)
  A boggart skeleton (D:13)
  2 gnolls
  3 adders (D:6)
  31 orcs
  3 kobolds (D:7)
187 creatures vanquished.

Vanquished Creatures (others)
  A tyrant leech (Swamp:1)
  A bloated husk (Swamp:1)
  A yak (Lair:5)
  A swamp drake (Swamp:1)
  17 knights
  An ancestor (D:5)
  10 foxfires (Swamp:1)
  95 fungi
  93 plants
  2 withered plants (D:7)
222 creatures vanquished.

Grand Total: 841 creatures vanquished

Notes
Turn   | Place    | Note
-------+----------+-------------------------------------------
     0 | D:1      | NinjaNoafa the Formicid Fighter began the quest for the
                  | Orb.
     0 | D:1      | Reached XP level 1. HP: 18/18 MP: 1/1
   329 | D:1      | Reached XP level 2. HP: 24/24 MP: 2/2
   881 | D:2      | Reached XP level 3. HP: 29/29 MP: 3/3
  1072 | D:2      | Found a glowing golden altar of the Shining One.
  1390 | D:3      | Reached skill level 3 in Polearms
  1465 | D:3      | Reached XP level 4. HP: 37/37 MP: 4/4
  1916 | D:4      | Noticed a scorpion
  1916 | D:4      | Noticed a scorpion
  1923 | D:4      | Killed a scorpion
  1924 | D:4      | Reached skill level 4 in Polearms
  1924 | D:4      | Reached XP level 5. HP: 36/42 MP: 5/5
  1928 | D:4      | Reached XP level 6. HP: 40/48 MP: 6/6
  1938 | D:4      | Reached skill level 5 in Polearms
  1978 | D:4      | Reached skill level 6 in Polearms
  2042 | D:4      | Noticed a black bear
  2050 | D:4      | Killed a black bear
  2051 | D:4      | Reached XP level 7. HP: 52/54 MP: 7/7
  2054 | D:4      | You fall into a shaft and drop 3 floors!
  2093 | D:7      | Reached skill level 7 in Polearms
  2147 | D:7      | Found a snail-covered altar of Cheibriados.
  2148 | D:7      | Found a basalt altar of Yredelemnul.
  2149 | D:7      | Found a bloodstained altar of Trog.
  2316 | D:6      | Found a staircase to the Ecumenical Temple.
  2320 | Temple   | Entered the Ecumenical Temple
  2378 | Temple   | Became a worshipper of Hepliaklqana the Forgotten
  2543 | D:7      | Reached skill level 1 in Dodging
  2581 | D:7      | Found a runed translucent door.
  2581 | D:7      | Noticed MrSquiggles's ghost (novice GnTm)
  2621 | D:7      | Reached XP level 8. HP: 54/61 MP: 8/8
  2704 | D:7      | Found Xueqipny's CLEARANCE SALE!.
  2711 | D:7      | Bought a scroll of identify for 4 gold pieces
  2711 | D:7      | Bought a +4 plate armour of fire resistance for 100 gold
                  | pieces
  2781 | D:6      | Noticed Maggie
  2797 | D:6      | Killed Maggie
  2798 | D:6      | Reached skill level 5 in Fighting
  2798 | D:6      | Reached skill level 5 in Armour
  2806 | D:5      | Entered Level 5 of the Dungeon
  2960 | D:4      | Identified the +12 short sword of the Shark {heavy, Str+3
                  | Int+2}
  3024 | D:4      | Noticed Sigmund
  3038 | D:4      | Killed Sigmund
  3039 | D:4      | Reached XP level 9. HP: 69/69 MP: 9/9
  3041 | D:4      | Reached * piety under Hepliaklqana
  3822 | D:5      | Reached skill level 8 in Polearms
  4081 | D:6      | Noticed Edmund
  4087 | D:6      | Killed Edmund
  4094 | D:6      | Reached ** piety under Hepliaklqana
  4095 | D:6      | Remembered your ancestor Iguana as a knight
  4169 | D:6      | Reached skill level 9 in Polearms
  4251 | D:6      | Noticed Eustachio
  4263 | D:6      | Killed Eustachio
  4264 | D:6      | Reached skill level 10 in Polearms
  4314 | D:6      | Reached XP level 10. HP: 69/69 MP: 10/10
  4836 | D:7      | Reached skill level 1 in Invocations
  4840 | D:7      | Reached skill level 1 in Evocations
  5019 | D:8      | Found the +8 demon blade "Leech" {evervamp, Harm Drain rN+}
  5589 | D:8      | Noticed Maurice
  5597 | D:8      | Killed Maurice
  5635 | D:8      | Reached skill level 5 in Invocations
  5728 | D:8      | Reached skill level 5 in Evocations
  6267 | D:9      | Reached *** piety under Hepliaklqana
  6304 | D:9      | Reached skill level 11 in Polearms
  6720 | D:10     | Entered Level 10 of the Dungeon
  6720 | D:10     | Noticed an unseen horror
  6724 | D:10     | Killed an unseen horror
  6725 | D:10     | Reached XP level 11. HP: 75/75 MP: 15/15
  6881 | D:10     | Reached skill level 12 in Polearms
  6972 | D:10     | Found a stormy altar of Qazlal.
  7485 | D:10     | Noticed a two-headed ogre
  7486 | D:10     | Noticed a two-headed ogre
  7493 | D:10     | Killed a two-headed ogre
  7494 | D:10     | Reached skill level 13 in Polearms
  7499 | D:10     | Killed a two-headed ogre
  7645 | D:11     | Reached **** piety under Hepliaklqana
  7695 | D:11     | Found a staircase to the Lair.
  7695 | D:11     | Noticed an oklob plant
  8005 | D:11     | Noticed an oklob plant
  8040 | D:11     | Killed an oklob plant
  8107 | D:11     | Reached skill level 14 in Polearms
  8374 | D:11     | Found Daozujui's Weapon Shoppe.
  8374 | D:11     | Noticed an orc knight
  8375 | D:11     | Found a staircase to the Orcish Mines.
  8385 | D:11     | Killed an orc knight
  8487 | D:10     | Reached XP level 12. HP: 15/81 MP: 15/17
  8722 | Lair:1   | Entered Level 1 of the Lair of Beasts
  9180 | Lair:1   | You fall into a shaft and drop 1 floor!
  9784 | Lair:1   | Noticed a five-headed hydra
  9790 | Lair:1   | Killed a five-headed hydra
  9947 | Lair:1   | Reached ***** piety under Hepliaklqana
 10342 | Lair:2   | Reached XP level 13. HP: 62/90 MP: 20/20
 10686 | Lair:2   | Reached skill level 15 in Polearms
 10686 | Lair:2   | Reached skill level 10 in Invocations
 10772 | Lair:2   | Noticed a six-headed hydra
 10780 | Lair:2   | Killed a six-headed hydra
 10781 | Lair:2   | Reached skill level 10 in Fighting
 10994 | Lair:2   | Found a hole to the Spider Nest.
 11136 | Lair:2   | Noticed a dire elephant
 11142 | Lair:2   | Reached skill level 16 in Polearms
 11147 | Lair:2   | Killed a dire elephant
 11330 | Lair:3   | Identified the +1 scale mail of Gravitas {-Cast rC++ Slay+6
                  | Stlth+}
 11346 | Lair:3   | Found a shimmering altar of Xom.
 11830 | Lair:3   | Noticed a seven-headed hydra
 11839 | Lair:3   | Killed a seven-headed hydra
 11862 | Lair:3   | Noticed a four-headed hydra
 11878 | Lair:3   | Killed a five-headed hydra
 11879 | Lair:3   | Reached skill level 17 in Polearms
 11884 | Lair:3   | Found a staircase to the Swamp.
 11969 | Lair:3   | Noticed a five-headed hydra
 11980 | Lair:3   | Killed a five-headed hydra
 12002 | Lair:3   | Reached XP level 14. HP: 79/99 MP: 21/21
 12462 | Lair:4   | Got The Fundamentals of Incantation
 12638 | Lair:5   | Entered Level 5 of the Lair of Beasts
 13126 | Lair:5   | Found a frozen archway.
 13145 | IceCv    | Entered an ice cave
 13830 | Lair:4   | Reached skill level 10 in Armour
 13852 | Lair:4   | Reached XP level 15. HP: 65/108 MP: 23/23
 14125 | Lair:5   | Found a staircase to the Slime Pits.
 14125 | Lair:5   | Found a viscous altar of Jiyva.
 14337 | Lair:5   | Reached skill level 18 in Polearms
 14552 | Lair:5   | Found a corrupted altar of Lugonu.
 14552 | Lair:5   | Found a one-way gate to the infinite horrors of the Abyss.
 14784 | Lair:5   | Reached skill level 19 in Polearms
 14960 | Lair:5   | Found a runed translucent door.
 14962 | Lair:5   | Noticed TheSexyCheese's ghost (journeyman TrFi)
 14962 | Lair:5   | Found the +6 lightning scales {swift, rElec}
 15250 | Lair:5   | Killed TheSexyCheese's ghost
 15578 | D:7      | Killed MrSquiggles's ghost
 15735 | D:12     | Noticed Frances
 15741 | D:12     | Identified 3 scrolls of acquirement
 15741 | D:12     | Acquired a +2 kite shield of protection
 15744 | D:12     | Killed Frances
 15763 | D:12     | Acquired a manual of Armour
 15765 | D:12     | Acquired 844 gold pieces
 16066 | D:12     | Reached ****** piety under Hepliaklqana
 16124 | D:12     | Noticed Nergalle
 16136 | D:12     | Killed Nergalle
 16165 | D:12     | Noticed Rupert
 16173 | D:12     | Killed Rupert
 16174 | D:12     | Reached skill level 5 in Shields
 16356 | D:12     | Noticed Psyche
 16361 | D:12     | Killed Psyche
 16822 | D:12     | Found an iron altar of Okawaru.
 17249 | Orc:1    | Entered Level 1 of the Orcish Mines
 17353 | Orc:1    | Found a transporter.
 17389 | Orc:1    | Noticed Snorg
 17397 | Orc:1    | Killed Snorg
 17429 | Orc:1    | Noticed Fannar
 17441 | Orc:1    | Killed Fannar
 17477 | Orc:1    | Reached XP level 16. HP: 95/114 MP: 24/24
 17612 | Orc:1    | Found a transporter.
 17719 | Orc:1    | Noticed Koowego's ghost (journeyman SpAr)
 17780 | Orc:2    | Entered Level 2 of the Orcish Mines
 17858 | Orc:2    | Found Onechiy's Magic Scroll Shoppe.
 18219 | Orc:2    | Found Epon Peo's Weapon Boutique.
 18248 | Orc:2    | Found Okydera's Weapon Boutique.
 18250 | Orc:2    | Found Mileber's Assorted Antiques.
 18337 | Orc:2    | Found a staircase to the Elven Halls.
 18381 | Orc:2    | Bought a scroll of immolation for 52 gold pieces
 18381 | Orc:2    | Bought a scroll of acquirement for 676 gold pieces
 18381 | Orc:2    | Bought a scroll of identify for 26 gold pieces
 18381 | Orc:2    | Bought a scroll of identify for 26 gold pieces
 18393 | Orc:2    | Bought a scroll of identify for 62 gold pieces
 18563 | Elf:1    | Entered Level 1 of the Elven Halls
 18726 | Swamp:1  | Entered Level 1 of the Swamp
 18786 | Swamp:1  | Acquired 1112 gold pieces
 18826 | Swamp:1  | HP: 5/114 [spriggan rider/+0 spear (12)]
 18832 | Swamp:1  | Reached skill level 1 in Throwing
 18843 | Swamp:1  | HP: 3/171 [alligator (14)]
 18843 | Swamp:1  | Mangled by an alligator

Illustrated notes

Levels and vault maps discovered:
D:1:      dpeg_arrival_snail, layout_basic, chequers_serial_rivers_small_a
D:2:      layout_loops_ring, basic_altar
D:3:      layout_basic
D:4:      old_forge, layout_rooms, minmay_misc_feat_hallway, uniq_sigmund
D:5:      layout_cave_pools, serial_demonic, serial_demonic_e, serial_demonic_g,
          serial_demonic_a, serial_demonic_a
D:6:      minmay_diamond_boxcup, layout_loops_ring,
          minmay_temple_entry_from_below_a, uniq_edmund, uniq_eustachio,
          uniq_maggie
D:7:      layout_basic, chequers_temple_overflow_statue_of_worship,
          gammafunk_ghost_grave, kennysheep_flooded_box, minivault_4,
          nicolae_shop_clearance
D:8:      layout_loops_corners, dreamdust_deal_with_the_devil, uniq_maurice
D:9:      layout_big_octagon
D:10:     layout_basic, lemuel_tele_altar, minivault_27, grunt_ministairs_12
D:11:     layout_grid_maze, dpeg_oklobed_lair, orc_david_3,
          minmay_fire_ice_demons
D:12:     layout_grid_maze, okawaru_altar_gauntlet_db, uniq_rupert, uniq_psyche,
          uniq_frances, uniq_nergalle
D:13:     layout_irregular_city, hangedman_vaults_entry_quadrant_bands,
          serial_shops, nicolae_lakefront_shop
Temple:   mainiacjoe_temple_coin_purse
Lair:1:   beast_lair_carwin_large_4, layout_small_grid
Lair:2:   mu_elephants_graveyard, layout_regular_city,
          nicolae_spider_entry_orb_guardian, nicolae_quartered_pool_impasse,
          beast_lair_carwin_10
Lair:3:   layout_cave_pods, palyth_hydra_swamp_entry, basic_altar,
          infiniplex_staircase_pool
Lair:4:   layout_misc_corridors, serial_bayou_ford_a
Lair:5:   hellmonk_lair_end_abyssal_woods, layout_cave_pods,
          minmay_slime_entry_oklob_open, portal_ice_cave_demonic_guard,
          ebering_ghost_reflecting_pool
Swamp:1:  layout_basic_swamp, nicolae_swamp_decorative_isthmus,
          nicolae_swamp_tree_designs
Swamp:2:  layout_basic_swamp, hangedman_swamp_ruin_wall
Orc:1:    layout_caves, basic_altar, gammafunk_ghost_berserking_beasts,
          uniq_fannar, uniq_snorg
Orc:2:    st_orc_elflike, layout_diamond_mine
Elf:1:    eino_elf_arrival_shootout, layout_loops_cross, orc_legates

Skill      XL: |  1  2  3  4  5  6  7  8  9 10 11 12 13 14 15 16 |
---------------+-------------------------------------------------+-----
Polearms       | 3 4 6 7 10 11 14 17 19 | 19.3
Fighting       | 4 6 7 9 10 11 12 | 12.0
Armour         | 4 6 7 8 10 12 | 12.0
Dodging        | 1 3 4 |  4.0
Invocations    | 6 7 9 10 11 | 11.4
Evocations     | 5 7 8 |  8.0
Shields        | 8 9 |  9.6
Throwing       | 1 |  1.4

Action                     |  1- 3 |  4- 6 |  7- 9 | 10-12 | 13-15 | 16-18 || total
---------------------------+-------+-------+-------+-------+-------+-------++-------
  Melee: Trident           |    65 |    97 |    97 |     3 |    40 |    10 ||   312
         Halberd           |       |       |   111 |   247 |       |       ||   358
         Bardiche          |       |       |       |   156 |   578 |   133 ||   867
  Throw: Boomerang         |       |       |       |       |     6 |     1 ||     7
         Dart              |       |       |       |       |     5 |       ||     5
 Invoke: Ancestor Life: Kn |       |       |     1 |       |       |       ||     1
         Ancestor Identity |       |       |     1 |       |       |       ||     1
         Recall Ancestor   |       |       |       |     3 |     7 |     1 ||    11
         Idealise          |       |       |       |     1 |     2 |     1 ||     4
Ability: Dig               |     1 |     1 |       |     2 |     3 |       ||     7
         Shaft Self        |       |       |     1 |       |       |       ||     1
  Evoke: Wand              |       |       |       |     8 |     8 |     2 ||    18
         Phantom mirror    |       |       |       |       |     1 |       ||     1
         Lightning rod     |       |       |       |       |       |     3 ||     3
    Use: Scroll            |       |       |     6 |     8 |    21 |     5 ||    40
         Potion            |       |       |     4 |     2 |       |     4 ||    10
   Stab: Distracted        |       |       |     1 |     8 |     9 |     1 ||    19
         Betrayed ally     |       |       |       |     2 |       |       ||     2
         Invisible         |       |       |       |     1 |       |       ||     1
 Armour: Scale mail        |    15 |    37 |     9 |       |     2 |       ||    63
         Plate armour      |       |       |   142 |   159 |   315 |    56 ||   672
         Skin              |       |       |       |       |       |     3 ||     3
  Dodge: Dodged            |    18 |    46 |    86 |   130 |   169 |    24 ||   473
  Block: Buckler           |     7 |    22 |    39 |   172 |   211 |       ||   451
         Reflection        |       |       |       |     8 |     9 |     6 ||    23
         Kite shield       |       |       |       |       |    50 |   118 ||   168

Table legend: (Time is in decaauts)
 A = Elapsed time spent in this place.
 B = Non-inter-level travel time spent in this place.
 C = Inter-level travel time spent in this place.
 D = Time resting spent in this place.
 E = Time spent auto-exploring this place.
 F = Levels seen in this place.
 G = Mean time per level.
                   A        B        C        D        E       F      G
               +--------+--------+--------+--------+--------+-----+--------+
         Total |  18930 |  16741 |   2189 |   1061 |   8377 |  25 |  757.2 |
       Dungeon |  11072 |   9757 |   1315 |    509 |   5541 |  13 |  851.7 |
        Temple |    183 |    166 |     17 |      0 |     64 |   1 |  183.0 |
          Lair |   5679 |   4950 |    729 |    488 |   1915 |   5 | 1135.8 |
         Swamp |    116 |    116 |      0 |      0 |      0 |   2 |   58.0 |
  Orcish Mines |   1359 |   1233 |    126 |     16 |    720 |   2 |  679.5 |
   Elven Halls |     10 |     10 |      0 |      0 |      0 |   1 |   10.0 |
      Ice Cave |    510 |    510 |      0 |     48 |    137 |   1 |  510.0 |
               +--------+--------+--------+--------+--------+-----+--------+

Top non-repeatable levels by time:
  Lair:5: 1822 daAuts
    D:11: 1568 daAuts
    D:12: 1414 daAuts
    D:10: 1178 daAuts
  Lair:2: 1138 daAuts
     D:8: 1074 daAuts
     D:6: 937 daAuts
  Lair:1: 921 daAuts
  Lair:3: 913 daAuts
  Lair:4: 882 daAuts
     D:7: 846 daAuts
     D:1: 809 daAuts
   Orc:2: 740 daAuts
     D:9: 735 daAuts
     D:4: 628 daAuts
